Workbook

Sheet Form.1  Std.+Lohnkosten
A1: Kalkulation Modellpraxis | B1: Formular 1
A2: Swiss Dental Hygienists
A3: Anzahl Angestellte: z.B. Chefin alleine | C3: 1
A4: Bezeichnung: Modellpraxis, Plan für: | B4: Pos. | C4: Werte in Std. | D4: Prozent
A6: Jährliche Sollzeit in Stunden: Z.B. 52 Wochen à 46 Std. | B6: 1 | C6: =52*46 -> 2392 | D6: 100
A7: (9.2 Std. pro Tag)
A8: - Ferien | C8: 230 | D8: =100/C6*C8 -> 9.6153846
A9: - Krankheit/Unfall | C9: 46 | D9: =100/C6*C9 -> 1.9230769
A10: - Reserve | C10: 0 | D10: =100/C6*C10 -> 0
A11: - Feiertage (CH/Kantonale Feiertrage) | C11: 83 | D11: =100/C6*C11 -> 3.4698997
A12: - Diverse Absenzen (Todesfall, Heirat, Umzug, Geburt usw.) | C12: 28 | D12: =100/C6*C12 -> 1.1705686
A13: = Total Abwesenheit in Stunden (nicht in Praxis tätig) | B13: 2 | C13: =SUM(C8:C12)*-1 -> -387 | D13: =100/C6*C13 -> -16.17893
A15: Präzenzeit in der Praxis | B15: 3=1-2 | C15: =SUM(C6+C13) -> 2005 | D15: =100/C6*C15 -> 83.82107
A17: - Reinigen, Vorbereiten/Einrichten der Praxis usw. | C17: 400 | D17: =100/C6*C17 -> 16.722408
A18: - Einkauf Produkte, Lagerführung, Verkauf von Produkten usw. | C18: 50 | D18: =100/C6*C18 -> 2.090301
A19: - Weiterbildung, Schulung/Kurse/ | C19: 28 | D19: =100/C6*C19 -> 1.1705686
A20: - Administration, Buchhaltung, Geschäftsführung allgemein | C20: 100 | D20: =100/C6*C20 -> 4.180602
A21: - Diverses: Warten auf Arbeit, andere | C21: 70 | D21: =100/C6*C21 -> 2.9264214
A22: = Arbeit, aber nicht verrechnenbare Stunden | B22: 4 | C22: =SUM(C17:C21)*-1 -> -648 | D22: =100/C6*C22 -> -27.090301
A24: Total mögliche verrechenbare Behandlungsstunden | B24: 5=3-4 | C24: =C15+C22 -> 1357 | D24: =100/C6*C24 -> 56.730769
A26: Berechnung der Lohnkosten in Franken:
A27: Lohn je Monat brutto, ohne Personalnebenkosten | B27: 6 | C27: 7500
A28: Anzahl der Lohnzahlungen pro Jahr (normalerweise 13 x) | B28: 7 | C28: 13
A29: Total Bruttolohn pro Jahr | B29: 8=6x7 | C29: =C27*C28 -> 97500
A32: Sozialnebenkosten: - in % Bruttolohn (Erfahrungswert: 15-20%) | B32: 20 | C32: 19
A33: - Sozialnebenkosten in Franken | B33: 21 | C33: =C29/100*C32 -> 18525
A36: Achtung: Eingabe nur in hellblaue Felder machen (Formeln!!)

Sheet Form.2  Planbilanz 
A1: Kalkulation Modellpraxis | D1: Formular 2
A2: Swiss Dental Hygienists
A3: Plan für:
A4: Plan-Bilanz per: | B4: Pos. | C4: ursprünglicher Anschaffungs-Wert | D4: momentaner Bilanz-Wert | E4: Betriebs-notw. Netto-Vermögen | F4: Prozent
A6: Aktiven:
A7: Flüssige Mittel (Kasse, Post, Bank) | B7: 1 | D7: 30000
A8: Debitoren und sonstige Guthaben | B8: 2 | D8: 8000 | E8: 0
A9: Delkredere (Rückstellung für evtl. Deb.Verluste) | B9: 2b | D9: -400 | E9: 0
A10: Materialvorräte (Behandlung + Verkauf) | B10: 3 | D10: 10000 | E10: 0
A11: Betriebliches Umlaufvermögen | B11: 4 | D11: =SUM(D7:D10) -> 47600 | E11: =D11 -> 47600 | F11: =100/$E$24*E11 -> 39.46932
A13: Betriebseinrichtungen (Umbauten, Mobiliar) | B13: 5 | C13: 100000 | D13: 50000
A14: Informatik | B14: 6 | C14: 9000 | D14: 3000
A15: Kleinmasch., Apparate, Werkzeuge (Fräser) | B15: 7 | C15: 40000 | D15: 20000
A16: Fahrzeuge | B16: 8 | C16: 0 | D16: 0
A17: Betriebliches Anlagevermögen | B17: 9 | D17: =SUM(D13:D16) -> 73000 | E17: =D17 -> 73000 | F17: =100/$E$24*E17 -> 60.53068
A19: Liegenschaften | B19: 11 | D19: 0
A20: Anderes | B20: 12 | D20: 0
A21: Anlagevermögen (nicht betriebsnotwendig) | B21: 13 | D21: =SUM(D19:D20) -> 0
A23: Total Aktiven | B23: 14 | D23: =D11+D17+D21 -> 120600
A24: Betriebsnotwendiges Vermögen | B24: 15 | E24: =SUM(E11:E23) -> 120600 | F24: 100
A27: Passiven:
A28: Kreditoren | B28: 16 | D28: 5000
A29: kurzfr. Kto.Korrent-Kredit | B29: 17 | D29: 0
A30: Trans.Passiven TP, kurzfr.Rückstellungen | B30: 18 | D30: 20000
A31: kurzfr. Fremdkapital | B31: 19 | D31: =SUM(D28:D30) -> 25000 | E31: =D31 -> 25000 | F31: =100/$E$24*E31 -> 20.729685
A33: Langfristige Darlehensschulden Bank | B33: 20 | D33: 0 | E33: =D33 -> 0
A34: Darlehen von .. | D34: 0 | E34: =D34 -> 0
A35: Hypotheken | B35: 21 | D35: 0
A36: Sonstiges langfr. Fremdkapital | B36: 22 | D36: 0
A37: Langfristiges Fremdkapital | B37: 23 | D37: =SUM(D33:D36) -> 0 | E37: =SUM(E33:E36) -> 0 | F37: =100/$E$24*E37 -> 0
A39: Total Fremdkapital | B39: 24 | D39: =D31+D37 -> 25000
A41: Bereinigtes Eigenkapital inkl. Gewinn | B41: 25=14-24 | D41: =D23-D39 -> 95600
A43: Total Passiven | B43: 26 | D43: =SUM(D39:D42) -> 120600
A45: Betriebsnotw. Nettovermögen (15-19-23) | B45: 27 | E45: =E24-E31-E37 -> 95600 | F45: =100/$E$24*E45 -> 79.270315
A46: (Betriebsnotw. Vermögen - Fremdkapital)
A47: Eigenkapitalverzinsung:
A48: Kalk. Zinsen betr.notw. Nettovermögen in % | B48: 28 | D48: 6
A49: Kalk. Zinsen betr.notw. Nettovermögen in CHF | B49: 29=27*28 | D49: =E45/100*D48 -> 5736
A51: Achtung: Eingabe nur in hellblaue Felder machen (Formeln!!)

Sheet Form.3 Plan-ER 
A1: Kalkulation Modellpraxis | B1: Formular 3
A2: Swiss Dental Hygienists
A3: Plan 2017
A4: Plan-Erfolgsrechnung für das Jahr: | B4: Pos. | C4: Werte | D4: Prozent
A6: Soll-Umsatz Behandlung und Produkteverkauf: (Form.4, Zeile 12) | B6: 1 | C6: ='Form.4 Kalkulation+break even'!D24 -> 253987.1 | D6: 100
A7: Achtung: Keine Eingabe möglich, wird automatisch gerechnet
A9: - Materialkosten der verkauften Produkte: (Erfahrungswert einsetzen) | B9: =B6+1 -> 2 | C9: -4800 | D9: =100/$C$6*C9 -> -1.8898598
A11: - Betriebs- + Verbrauchsmaterial für Behandlung (Erfahrung, Plan) | B11: 4 | C11: -15000 | D11: =100/$C$6*C11 -> -5.9058118
A13: - Lohnkosten gemäss Form.1 | B13: 6 | C13: ='Form.1 Std.+Lohnkosten'!C29*-1 -> -97500 | D13: =100/$C$6*C13 -> -38.387776
A14: - Sozialnebenkosten in % vom Bruttolohn (Form.1, Zeile 21) | B14: =B13+1 -> 7 | C14: ='Form.1 Std.+Lohnkosten'!C33*-1 -> -18525 | D14: =100/$C$6*C14 -> -7.2936775
A16: - Übrige Personalnebenkosten: Schulung etc. (Erfahrungswert, Plan) | B16: =B14+1 -> 8 | C16: -3000 | D16: =100/$C$6*C16 -> -1.1811624
A18: - Eigene Raumkosten: Miete, Nebenkosten, Reinigung usw. oder | B18: =B16+1 -> 9 | C18: -30000 | D18: =100/$C$6*C18 -> -11.811624
A19: - Mietbeitrag an Zahnarzt wenn keine eigenen Räume | B19: 9 | C19: 0 | D19: =100/$C$6*C19 -> 0
A21: - Kalk. Zins auf betriebsnotw. Netto-Vermögen=EK: (Form. 2, Zeile 29) | B21: =B18+1 -> 10 | C21: ='Form.2 Planbilanz '!D49*-1 -> -5736 | D21: =100/$C$6*C21 -> -2.2583824
A22: - Unterhalt/Reparaturen Einrichtungen/Apparate (Erfahrungswert, Planung) | B22: =B21+1 -> 11 | C22: -6500 | D22: =100/$C$6*C22 -> -2.5591851
A23: - Abschreibungen Anlagevermögen (gemäss bisheriger Praxis) | B23: =B22+1 -> 12 | C23: -21000 | D23: =100/$C$6*C23 -> -8.2681365
A24: - Fahrzeugkosten (Leasing, Unterhalt usw.) | B24: =B23+1 -> 13 | C24: 0 | D24: =100/$C$6*C24 -> 0
A25: - Betriebsversicherungen (Erfahrungswert, Plan) | B25: =B24+1 -> 14 | C25: -5500 | D25: =100/$C$6*C25 -> -2.1654643
A26: - Reservezeile | B26: =B25+1 -> 15 | C26: 0 | D26: =100/$C$6*C26 -> 0
A27: - Porti, Telefon, Bankspesen (Erfahrungswert, Planung) | B27: =B26+1 -> 16 | C27: -1500 | D27: =100/$C$6*C27 -> -0.59058118
A28: - Büro- und Verwaltungskosten, Treuhand, Beratung (Erfahrung,Plan) | B28: =B27+1 -> 17 | C28: -10000 | D28: =100/$C$6*C28 -> -3.9372078
A29: - Reise- und Kundenspesen, Getränke usw. | B29: =B28+1 -> 18 | C29: -3000 | D29: =100/$C$6*C29 -> -1.1811624
A30: - Werbung, Auftritt, PR, Sponsoring etc. (Planung) | B30: =B29+1 -> 19 | C30: -4200 | D30: =100/$C$6*C30 -> -1.6536273
A31: - Sonstige Betriebskosten 1: Verbandsbeitrag, andere Beiträge | B31: =B30+1 -> 20 | C31: -1200 | D31: =100/$C$6*C31 -> -0.47246494
A32: - Sonstige Betriebskosten 2, Berufskleider, Reinigung, Sonstiges (Plan) | B32: =B31+1 -> 21 | C32: -3000 | D32: =100/$C$6*C32 -> -1.1811624
A34: Total Betriebskosten der Zeilen 2 bis 21 | B34: =B32+1 -> 22 | C34: =SUM(C9:C32) -> -230461 | D34: =100/$C$6*C34 -> -90.737285
A36: Betriebsgewinn aus Umsatz minus Betriebskosten | B36: =B34+1 -> 23 | C36: =C6+C34 -> 23526.1 | D36: =100/$C$6*C36 -> 9.2627145
A40: Eingabe möglich, Aufwände negativ eingeben

Sheet Form.4  Kalkulation+break even
A1: Kalkulation Modellpraxis | B1: Formular 4
A2: Swiss Dental Hygienists | B2: Eigene Praxis
A3: Plan für:
A4: Kalkulation einer Stunde berechnen | B4: Pos. | C4: Wert | D4: Betrag | E4: Prozent
A6: Verkaufskosten einer Behandlungs-Stunde:
A7: Lohn- und Sozialkosten einer verrechenbaren Stunde | B7: 1 | D7: =('Form.3 Plan-ER '!C13+'Form.3 Plan-ER '!C14)/'Form.1 Std.+Lohnkosten'!C24*-1 -> 85.501105
A8: + Betr.Material und Verbr.Mat. für die Behandlung pro Stunde | B8: 1b | D8: ='Form.3 Plan-ER '!C11/'Form.1 Std.+Lohnkosten'!C24*-1 -> 11.053795
A9: + Übrige Kosten je Std. | B9: 2 | D9: =SUM('Form.3 Plan-ER '!C16:C32)/'Form.1 Std.+Lohnkosten'!C24*-1 -> 69.73913
A10: = Selbstkosten einer Behandlungsstunde | B10: 3=1+1b+2 | D10: =SUM(D7:D9) -> 166.29403 | E10: =100/D26*D10 -> 88.847426
A11: + individueller Risiko/Gewinnzuschlag | B11: 4 | C11: 0.1 | D11: =D10*C11 -> 16.629403 | E11: =100/D26*D11 -> 8.8847426
A12: = Verkaufskosten einer Behandlungsstunde (ohne MWSt.) | B12: 5=3+4 | D12: =SUM(D10:D11) -> 182.92343 | E12: =100/D26*D12 -> 97.732168
A13: (ohne Material/Produkteverkauf)
A15: Material/Produkte-Verkaufskosten:
A16: Materialeinkaufskosten (gem. Erfolgsrechn. Form. 3, Zeile 2) | B16: 6 | D16: ='Form.3 Plan-ER '!C9*-1 -> 4800
A17: Durchschnittliche Materialeinkaufskosten je Behandlungs-Stunde: | B17: 7=6:20 | D17: =D16/'Form.1 Std.+Lohnkosten'!C24 -> 3.5372144
A18: + Material-GK-zuschlag für Lagerung, Risiko + Gewinn (individuell) | B18: 8 | C18: 0.2 | D18: =D17*C18 -> 0.70744289 | E18: =100/D26*D18 -> 0.37797195
A19: = Materialverkaufskosten je Behandl.Std. ohne MWSt. | B19: 9=7+8 | D19: =SUM(D17:D18) -> 4.2446573 | E19: =100/D26*D19 -> 2.2678317
A21: Berechnung Soll-Umsatz inkl. Produkteverkauf:
A22: Bruttogewinn I: Anz. Verkaufs-Std. * Verkaufskosten je Behandl.Std. | B22: 10=5*20 | D22: =D12*'Form.1 Std.+Lohnkosten'!C24 -> 248227.1
A23: + Materialverkaufskosten: Anz. Behandl.Std. * Materialverkaufskosten | B23: 11=9*20 | D23: =D19*'Form.1 Std.+Lohnkosten'!C24 -> 5760
A24: = Soll-Nettoumsatz inkl. Produkteverkauf (ohne MWSt.) | B24: 12=10+11 | D24: =SUM(D22:D23) -> 253987.1
A26: Durchschn.Verrechnungssatz/Behandl.Std. inkl. Materialverkauf | B26: 13=12:20 | D26: =D24/'Form.1 Std.+Lohnkosten'!C24 -> 187.16809 | E26: 100
A28: Kennzahlen: Soll-Umsatz je Tag, je behandelten Kunde usw.
A31: Total mögl. verrechenb. Behandlungsstunden (Form.1, Zeile 5) | B31: 20 | D31: ='Form.1 Std.+Lohnkosten'!C24 -> 1357
A32: Anzahl Kunden à 1 Stunde pro Tag (50 Wochen) für 1 Person | D32: =D31/50/5 -> 5.428
A34: Eingabe möglich
